 Dungeon Crawl Stone Soup version 0.31-a0-675-g238779eb0a (webtiles) character file.

Game seed: 14605650410709421610

405 randomguy2701 the Chopper (level 6, 0/56 HPs)
             Began as a Hill Orc Fighter on Sept 6, 2023.
             Was an Initiate of Beogh.
             Slain by spiderkeys's ghost (1 damage)
             ... on level 4 of the Dungeon.
             The game lasted 00:02:29 (2714 turns).

randomguy2701 the Chopper (Hill Orc Fighter)        Turns: 2714, Time: 00:02:30

Health: 0/56       AC: 11    Str: 19    XL:     6   Next: 87%
Magic:  6/6        EV:  5    Int:  8    God:    Beogh [......]
Gold:   249        SH:  4    Dex: 12    Spells: 5/5 levels left

rFire   . . .        a - +0 war axe
rCold   . . .        c - +0 buckler
rNeg    . . .        i - +0 plate armour
rPois   .            (no helmet)
rElec   .            (no cloak)
rCorr   .            (no gloves)
SInv    .            (no boots)
Will    .....        (no amulet) Stlth
                     (no ring)
HPRegen 0.29/turn    (no ring)
MPRegen 0.10/turn

%: no passive effects
@: no status effects
A: no striking features
a: Renounce Religion


You were on level 4 of the Dungeon.
You worshipped Beogh.
Beogh was noncommittal.
You visited 1 branch of the dungeon, and saw 4 of its levels.

You collected 249 gold pieces.

Inventory:

Hand Weapons
 a - a +0 war axe (weapon)
Armour
 b - a +0 scale mail
 c - a +0 buckler (worn)
 i - a +0 plate armour (worn)
Jewellery
 n - a ring of fire
Scrolls
 f - 2 scrolls of teleportation {unknown}
 g - a scroll of blinking {unknown}
 h - a scroll of revelation {unknown}
 k - a scroll of amnesia {unknown}
 l - 2 scrolls of identify {unknown}
 o - a scroll of fog {unknown}
Potions
 d - a potion of might
 e - 2 potions of haste {unknown}
 j - a potion of magic {unknown}
 m - 2 potions of heal wounds {unknown}


   Skills:
 + Level 5.2 Fighting
 + Level 7.3 Axes
 + Level 4.2 Armour
 + Level 0.2 Dodging
 + Level 3.8 Shields


You had 5 spell levels left.
You didn't know any spells.
Your spell library contained the following spells:

 Spells                   Type           Power      Damage    Failure   Level
 Kiss of Death            Conj/Necr      0%         2d5       100%        1
 Confusing Touch          Hex            0%         N/A       100%        3
 Dispel Undead            Necr           0%         3d6       100%        4


Dungeon Overview and Level Annotations

Branches:
Dungeon (4/15)
 Temple: D:4-7

Altars:

Annotations:
D:4 spiderkeys's ghost, amateur DgFi


Message History

You are too injured to fight recklessly!
You are too injured to fight recklessly!
Okay, then.
You hit spiderkeys's ghost but do no damage.
Spiderkeys's ghost is heavily damaged.
Spiderkeys's ghost hits you but does no damage.
You slash spiderkeys's ghost!
Spiderkeys's ghost is severely damaged.
Spiderkeys's ghost completely misses you.
You hit spiderkeys's ghost but do no damage.
Spiderkeys's ghost is severely damaged.
You block spiderkeys's ghost's attack. Spiderkeys's ghost hits you.
You hit spiderkeys's ghost but do no damage.
Spiderkeys's ghost is severely damaged.
Spiderkeys's ghost hits you!
* * * LOW HITPOINT WARNING * * *
You hit spiderkeys's ghost.
Spiderkeys's ghost is severely damaged.
Spiderkeys's ghost hits you!
* * * LOW HITPOINT WARNING * * *
You barely miss spiderkeys's ghost.
Spiderkeys's ghost is severely damaged.
Spiderkeys's ghost says, "You can hit me, but you can't hurt me."
Spiderkeys's ghost hits you but does no damage.
You hit spiderkeys's ghost but do no damage.
Spiderkeys's ghost is severely damaged.
Spiderkeys's ghost screams, "Don't try to defend!
You have no chance!"
You block spiderkeys's ghost's attack. Spiderkeys's ghost hits you!
* * * LOW HITPOINT WARNING * * *
You closely miss spiderkeys's ghost.
Spiderkeys's ghost is severely damaged.
Spiderkeys's ghost hits you but does no damage.
You hit spiderkeys's ghost.
Spiderkeys's ghost is almost destroyed.
Spiderkeys's ghost hits you.
* * * LOW HITPOINT WARNING * * *
You hit spiderkeys's ghost.
Spiderkeys's ghost is almost destroyed.
Spiderkeys's ghost hits you.
You die...

...... ..........#
...... .........####
..#8## #..........#
.####### #..........%
##.....######....)......
#....#...............#..
#....'...........###...#
#....###...##..........#
#.....#8...8##.†@[.....!
#.....##...#####W##.....
......##...# #~wr#.....
.....###)..## #~~~# .#..
####.# 8...8 #~~~# # .
#.###...## #~~~# #.#
#...# #~$~# #.###...##
#~~~# .# #.# 8...8# #


You could see a worm, spiderkeys's ghost and a rat.

Vanquished Creatures
  A bullfrog (D:4)
  2 hounds (D:3)
  An orc priest (D:4)
  Terence (D:3)
  5 gnolls
  8 adders
  2 river rats (D:4)
  3 worms
  7 ball pythons
  4 bats
  11 endoplasms
  4 giant cockroaches
  10 goblins
  6 hobgoblins
  6 jackals (D:1)
  2 quokkas
  2 frilled lizards
  7 kobolds
  6 rats
88 creatures vanquished.

Vanquished Creatures (others)
  A kobold (D:4)
1 creature vanquished.

Grand Total: 89 creatures vanquished

Notes
Turn   | Place    | Note
-------+----------+-------------------------------------------
     0 | D:1      | randomguy2701 the Hill Orc Fighter began the quest for the
                  | Orb.
     0 | D:1      | Reached XP level 1. HP: 19/19 MP: 1/1
    71 | D:1      | Reached skill level 3 in Axes
    71 | D:1      | Reached XP level 2. HP: 26/27 MP: 2/2
   150 | D:1      | Reached XP level 3. HP: 33/33 MP: 3/3
   338 | D:1      | Reached skill level 4 in Axes
   753 | D:2      | Reached XP level 4. HP: 41/41 MP: 4/4
   985 | D:2      | Reached skill level 5 in Axes
   994 | D:2      | Reached XP level 5. HP: 47/47 MP: 5/5
  1130 | D:2      | Found a faded altar of an unknown god.
  1790 | D:3      | Reached skill level 6 in Axes
  1795 | D:3      | Reached skill level 5 in Fighting
  1795 | D:3      | Reached XP level 6. HP: 55/56 MP: 6/6
  1907 | D:3      | Noticed Terence
  1915 | D:3      | Killed Terence
  2238 | D:4      | Became a worshipper of Beogh the Brigand
  2677 | D:4      | Found a runed translucent door.
  2678 | D:4      | Noticed spiderkeys's ghost (amateur DgFi)
  2693 | D:4      | Reached skill level 7 in Axes
  2711 | D:4      | HP: 1/56 [spiderkeys's ghost (8)]
  2714 | D:4      | Slain by spiderkeys's ghost

Illustrated notes

Levels and vault maps discovered:
D:1:      kennysheep_arrival_forest, layout_rooms, minmay_tripent
D:2:      layout_basic, shapermc_ecumenical_altar_mp_highgroup
D:3:      layout_loops_ring, cheibrodos_gnoll_hut, uniq_terence
D:4:      minmay_evil_eye, layout_basic, nicolae_overflow_squiral,
          ebering_ghost_sewer_f, serial_corexii_hall, corexii_hall_statues_i,
          chequers_hall_statues_y, corexii_hall_statues_i

Skill      XL: |  1  2  3  4  5  6 |
---------------+-------------------+-----
Axes           | 3 4 5 6 7 |  7.3
Fighting       | 4 5 |  5.2
Armour         | 4 |  4.2
Dodging        | |  0.2
Shields        | |  3.8

Action                     |  1- 3 |  4- 6 || total
---------------------------+-------+-------++-------
  Melee: War axe           |   118 |   153 ||   271
 Invoke: Convert to Beogh  |       |     1 ||     1
 Armour: Scale mail        |    79 |       ||    79
         Plate armour      |    14 |   136 ||   150
  Dodge: Dodged            |    48 |    32 ||    80
  Block: Buckler           |    35 |    35 ||    70

Table legend: (Time is in decaauts)
 A = Elapsed time spent in this place.
 B = Non-inter-level travel time spent in this place.
 C = Inter-level travel time spent in this place.
 D = Time resting spent in this place.
 E = Time spent auto-exploring this place.
 F = Levels seen in this place.
 G = Mean time per level.
                   A        B        C        D        E       F      G
               +--------+--------+--------+--------+--------+-----+--------+
         Total |   2793 |   2695 |     98 |      0 |   2105 |   4 |  698.2 |
       Dungeon |   2793 |   2695 |     98 |      0 |   2105 |   4 |  698.2 |
               +--------+--------+--------+--------+--------+-----+--------+

Top non-repeatable levels by time:
     D:3: 1010 daAuts
     D:1: 641 daAuts
     D:2: 638 daAuts
     D:4: 503 daAuts
